 Dungeon Crawl Stone Soup version 0.21-a0-278-ga722497 (webtiles) character file.

709 vishdafish the Digger (level 7, -13/46 HPs)
             Began as a Demonspawn Earth Elementalist on Sept 22, 2017.
             Mangled by an orc warrior
             ... wielding a +0 hand axe
              (17 damage)
             ... on level 6 of the Dungeon.
             The game lasted 00:12:43 (5688 turns).

vishdafish the Digger (DsEE)                        Turns: 5688, Time: 00:12:43

Health: -13/46     AC:  6    Str: 10    XL:     7   Next: 40%
Magic:  4/12       EV: 12    Int: 17    God:
Gold:   224        SH:  0    Dex: 13    Spells: 9/12 levels left

rFire    + . .     SeeInvis .   a - +0 spear
rCold    . . .     Gourm    .   (no shield)
rNeg     . . .     Faith    .   n - +0 leather armour
rPois    .         Spirit   .   E - +2 helmet
rElec    .         Reflect  .   (no cloak)
rCorr    .         Harm     .   (no gloves)
MR       .....                  (no boots)
Stlth    ..........             (no amulet)
HPRegen  0.15/turn              i - ring of flight
MPRegen  0.13/turn              (no ring)

@: confused
A: hooves 2, fire resistance 1
a: Evoke Flight


You were on level 6 of the Dungeon.
You were hungry.

You visited 1 branch of the dungeon, and saw 8 of its levels.

You collected 361 gold pieces.
You spent 137 gold pieces at shops.

Inventory:

Hand Weapons
 a - a +0 spear (weapon)
 u - a +0 hand axe
Missiles
 b - 61 stones
 z - 6 javelins of returning (quivered)
Armour
 c - a +0 robe
 n - a +0 leather armour (worn)
 E - a +2 helmet (worn)
Jewellery
 i - a ring of flight (left hand)
Wands
 r - a wand of confusion (19/48)
 y - a wand of paralysis (7/24)
Scrolls
 k - 3 scrolls of remove curse
 m - a scroll of teleportation
 o - a scroll of enchant armour {unknown}
 v - a scroll of amnesia {unknown}
 w - a scroll of recharging {unknown}
 x - 2 scrolls of immolation {unknown}
 A - 4 scrolls of blinking
 F - a scroll of fog {unknown}
 G - a scroll of fear {unknown}
Potions
 f - a potion of berserk rage
 g - 3 potions of curing
 j - 2 potions of degeneration
 p - a potion of haste {unknown}
 s - a potion of mutation {unknown}
 t - a potion of flight {unknown}
 B - 2 potions of heal wounds
 C - a potion of agility {unknown}
 D - a potion of lignification {unknown}
Books
 e - a book of Geomancy

   Spells                             Type                      Level
   a - Sandblast                      Earth                        1
   b - Passwall                       Transmutation/Earth          2
   c - Stone Arrow                    Conjuration/Earth            3
   d - Petrify                        Transmutation/Earth          4
   e - Lee's Rapid Deconstruction     Earth                        5
Comestibles
 d - a bread ration
 h - 2 royal jellies
 q - 3 meat rations


   Skills:
 * Level 3.1 Polearms
 * Level 1.1 Throwing
 - Level 2.2 Armour
 + Level 3.1 Dodging
 - Level 1.7 Stealth
 + Level 3.3 Spellcasting
 - Level 0.8 Transmutations
 * Level 5.2 Earth Magic


You had 9 spell levels left.
You knew the following spells:

 Your Spells              Type           Power        Failure   Level  Hunger
a - Sandblast             Erth           ###...       2%          1    None
b - Passwall              Tmut/Erth      ##........   10%         2    ##.....


Dungeon Overview and Level Annotations

Branches:
Dungeon (8/15)
 Temple: D:4-7         Lair: D:8-11

Altars:
Gozag

Shops:
D:5 :?


Innate Abilities, Weirdness & Mutations

You have hoof-like feet.
Your flesh is heat resistant. (rF+)


Message History

You see here a tomahawk.
An orc comes into view. It is wielding a mace.
The orc shouts!
The orc misses you. The orc barely misses you.
The necrophage hits you but does no damage.
An orc priest comes into view.
You closely miss the orc.
The orc priest shouts!
The orc barely misses you. The orc hits you.
The orc priest moves out of view.
The necrophage hits you.
The orc warrior hits you with a hand axe!
* * * LOW HITPOINT WARNING * * *
You hit the orc warrior but do no damage.
The crimson imp blinks!
The orc hits you but does no damage. The orc closely misses you.
The necrophage closely misses you.
You're too confused!
You closely miss the necrophage.
The necrophage is lightly damaged.
The orc warrior hits you with a hand axe!
You die...

....... .#
..........
.........#
.....o..5.
..(..o...#
.........###
..##..o#S..##
......cooo..# #
..##..#n@##...#
#. #(........
). ##..#...<.
.# ##....... .
....... .......
...#... ##.#.#
..


You could see an orc warrior, a necrophage, a centaur, an orc priest, a crimson
imp, an adder and 4 orcs.

Vanquished Creatures
  An ogre (D:4)
  A scorpion (D:4)
  A crimson imp (D:3)
  A jelly (D:5)
  An orc priest (D:8)
  2 orc wizards
  An iguana (D:4)
  3 worker ants
  2 hound skeletons (D:4)
  A worker ant zombie (D:7)
  A gnoll (D:4)
  16 adders
  5 worms
  A dart slug (D:1)
  3 leopard geckos
  8 orcs
  2 ball pythons
  2 giant cockroaches
  9 goblins
  5 hobgoblins
  11 jackals
  3 quokkas
  A ball python zombie (D:5)
  6 bats
  6 frilled lizards
  6 kobolds
  10 rats
109 creatures vanquished.

Vanquished Creatures (others)
  An orc wizard (D:6)
  A fungus (D:5)
2 creatures vanquished.

Grand Total: 111 creatures vanquished

Notes
Turn   | Place    | Note
-------+----------+-------------------------------------------
     0 | D:1      | vishdafish the Demonspawn Earth Elementalist began the quest for the Orb.
     0 | D:1      | Reached XP level 1. HP: 13/13 MP: 3/3
    89 | D:1      | Reached skill level 3 in Earth Magic
   148 | D:1      | Gained mutation: Your flesh is heat resistant. (rF+) [demonic ancestry]
   148 | D:1      | Reached XP level 2. HP: 19/19 MP: 3/5
   678 | D:1      | Gained mutation: You have large cloven feet. [demonic ancestry]
   678 | D:1      | Reached XP level 3. HP: 23/24 MP: 6/6
  1293 | D:2      | Reached skill level 1 in Armour
  1585 | D:2      | Reached XP level 4. HP: 21/30 MP: 7/7
  1927 | D:3      | Reached skill level 4 in Earth Magic
  2392 | D:3      | Reached XP level 5. HP: 33/35 MP: 4/9
  2516 | D:3      | Found an opulent altar of Gozag.
  3498 | D:4      | Reached skill level 1 in Polearms
  3602 | D:4      | Learned a level 2 spell: Passwall
  3656 | D:4      | Reached XP level 6. HP: 17/41 MP: 8/10
  5233 | D:4      | Reached skill level 5 in Earth Magic
  5233 | D:4      | Gained mutation: You have hoof-like feet. [demonic ancestry]
  5233 | D:4      | Reached XP level 7. HP: 46/46 MP: 9/11
  5287 | D:5      | Entered Level 5 of the Dungeon
  5324 | D:5      | Found Jeychoz's Book Shoppe.
  5325 | D:5      | Found Kamiaklit's Magic Scroll Boutique.
  5340 | D:5      | Bought a scroll of blinking for 82 gold pieces
  5340 | D:5      | Bought a scroll of remove curse for 33 gold pieces
  5340 | D:5      | Bought a scroll of identify for 22 gold pieces
  5437 | D:5      | You fall through a shaft for 3 floors!
  5529 | D:7      | Reached skill level 1 in Throwing
  5655 | D:7      | Noticed a hungry ghost
  5688 | D:6      | Mangled by an orc warrior

Vault maps used:
D:1:      minmay_arrival_solitary_statue, minivault_4, minivault_23
D:2:      minmay_misc_feat_cross
D:3:      nicolae_gozag_seed_capital
D:4:      kennysheep_spiral_hall
D:5:      slow_altar_1, grunt_temple_overflow_open, serial_shops, shop,
          nicolae_shop_overgrown_old_shop, shop, shop, nicolae_shop_statue_plus,
          first_bread, gup_sewer_entry_glass, dk_noncrumbling_4,
          uniq_crazy_yiuf_cottage, uniq_menkaure
D:6:      bloody_trog
D:7:      corexii_shack_village, minmay_temple_entry_hall,
          kennysheep_decorative_pillar
D:8:      nicolae_ossuary_entry_giza, uniq_erica

Skill      XL: |  1  2  3  4  5  6  7 |
---------------+----------------------+-----
Earth Magic    | 3 4 5 |  5.2
Dodging        | 2 3 |  3.1
Armour         | 1 2 |  2.2
Polearms       | 1 3 |  3.1
Spellcasting   | 3 |  3.3
Throwing       | 1 |  1.1
Stealth        | |  1.7
Transmutations | |  0.8

Action                   |  1- 3 |  4- 6 |  7- 9 || total
-------------------------+-------+-------+-------++-------
Melee: Spear             |   101 |   217 |    36 ||   354
       Kick              |    13 |    45 |     5 ||    63
Throw: Javelin           |       |     8 |     6 ||    14
 Cast: Sandblast         |    29 |    41 |    31 ||   101
Evoke: Wand              |       |     2 |       ||     2
  Use: Potion            |     1 |       |       ||     1
       Scroll            |       |       |     4 ||     4
 Stab: Sleeping          |     6 |     4 |       ||    10
       Paralysed         |       |     5 |       ||     5
  Eat: Chunk             |     3 |    11 |     1 ||    15
Armor: Leather armour    |    25 |    44 |    31 ||   100
       Robe              |     2 |       |       ||     2
Dodge: Dodged            |    57 |   143 |    59 ||   259

Table legend:
 A = Spawn XP
 B = Non-spawn XP
 C = Spawn XP percentage of total XP
 D = Spawn monster count
 E = Non-spawn monster count
 F = Spawn count percentage of total count
 G = Total turns spent on level
                    A         B        C        D         E        F      G
               +---------+---------+-------+---------+---------+-------+---------
         Total |       0 |    1013 |   0.0 |       0 |     110 |   0.0 |  5688
               +---------+---------+-------+---------+---------+-------+---------
           D:1 |       0 |      41 |   0.0 |       0 |      24 |   0.0 |  1020
           D:2 |       0 |      64 |   0.0 |       0 |      21 |   0.0 |   874
           D:3 |       0 |     214 |   0.0 |       0 |      26 |   0.0 |  1561
           D:4 |       0 |     501 |   0.0 |       0 |      24 |   0.0 |  1832
           D:5 |       0 |      63 |   0.0 |       0 |       4 |   0.0 |   150
           D:6 |       0 |      31 |   0.0 |       0 |       2 |   0.0 |    18
           D:7 |       0 |      35 |   0.0 |       0 |       3 |   0.0 |   146
           D:8 |       0 |      64 |   0.0 |       0 |       6 |   0.0 |    87
               +---------+---------+-------+---------+---------+-------+---------
